 Dungeon Crawl Stone Soup version 0.18-a0-1514-g6ed9364 (console) character file.

2972 sorlin the Nimble (level 9, -8/71 HPs)
             Began as a Merfolk Enchanter on Mar 7, 2016.
             Was a Priest of Makhleb.
             Killed from afar by johnl023's ghost (15 damage)
             ... with a spray of energy
             ... on level 7 of the Dungeon.
             The game lasted 00:48:45 (10594 turns).

sorlin the Nimble (Merfolk Enchanter)              Turns: 10594, Time: 00:48:45

Health: -8/71      AC: 11    Str:  8    XL:     9   Next: 82%
Magic:  5/5        EV: 17    Int: 18    God:    Makhleb [***...]
Gold:   336        SH:  0    Dex: 14    Spells: 4 memorised, 9 levels left

rFire  . . .     SeeInvis .     E - +1 spear (antimagic)
rCold  . . .     Gourm    .     g - +2 robe
rNeg   . . .     Faith    .     (no shield)
rPois  .         Spirit   .     (no helmet)
rElec  .         Dismiss  .     j - +0 cloak
rCorr  .         Reflect  .     u - +2 pair of gloves
SustAt .         Harm     .     (no boots)
MR     +....                    (no amulet)
Stlth  +++.......               t - ring of protection from magic
                                H - +3 ring of protection {=R}

@: somewhat resistant to hostile enchantments, fairly stealthy
A: change form in water, swift swim, mutation resistance 1, sturdy frame 1
a: Minor Destruction, Lesser Servant of Makhleb, Renounce Religion


You were on level 7 of the Dungeon.
You worshipped Makhleb.
Makhleb was most pleased with you.
You were very full.

You visited 1 branch of the dungeon, and saw 7 of its levels.

You collected 336 gold pieces.


Innate Abilities, Weirdness & Mutations

You revert to your normal form in water.
You are very nimble and swift while swimming.
You are somewhat resistant to further mutation.
Your movements are slightly less encumbered by armour (ER -2).


   Skills:
 + Level 6.4 Fighting
 - Level 3.0 Short Blades
 + Level 7.0 Polearms
 + Level 8.6 Dodging
 - Level 5.2 Stealth
 - Level 5.0 Spellcasting
 - Level 6.0 Hexes
 - Level 2.0 Ice Magic


You had 9 spell levels left.
You knew the following spells:

 Your Spells              Type           Power        Failure   Level  Hunger
a - Ensorcelled Hibernat  Hex/Ice        ###...       4%          2    #......
d - Tukima's Dance        Hex            ####....     3%          3    ##.....
q - Confuse               Hex            ####....     3%          3    ##.....
s - Corona                Hex            ####...      1%          1    None

Inventory:

Hand Weapons
 a - a +1 dagger
 b - the +9 Staff of Wucad Mu {channel}
   (You found it on level 6 of the Dungeon)
 E - a +1 antimagic spear (weapon)
   (You took it off an orc on level 3 of the Dungeon)
Missiles
 m - 61 sling bullets
 D - 5 poisoned tomahawks (quivered)
 I - 2 throwing nets
Armour
 g - a +2 robe (worn)
 j - a +0 cloak (worn)
 u - a +2 pair of gloves (worn)
Jewellery
 s - an uncursed ring of protection from fire
 t - a ring of protection from magic (right hand)
 G - an uncursed amulet of guardian spirit {unknown}
 H - a +3 ring of protection (left hand) {=R}
Wands
 f - a wand of disintegration (7/24)
 v - a wand of flame (27/48)
 B - a wand of digging (19/24)
Scrolls
 k - a scroll of enchant weapon
 l - 4 scrolls of remove curse
 n - 4 scrolls of magic mapping {unknown}
 o - 2 scrolls of immolation {unknown}
 y - a scroll of recharging {unknown}
 C - 2 scrolls of random uselessness {unknown}
 F - a scroll of summoning {unknown}
 J - a scroll of fog {unknown}
Potions
 e - 3 potions of curing
 i - a potion of resistance {!q}
 p - a potion of agility {!q}
 q - 2 potions of cure mutation {!q}
 z - a potion of ambrosia {unknown}
 K - a potion of magic {unknown}
Books
 c - a book of Maledictions

   Spells                             Type                      Level
   a - Corona                         Hexes                        1
   b - Ensorcelled Hibernation        Hexes/Ice                    2
   c - Confuse                        Hexes                        3
   d - Tukima's Dance                 Hexes                        3
   e - Dazzling Spray                 Conjuration/Hexes            3
 r - a book of Debilitation

   Spells                             Type                      Level
   a - Corona                         Hexes                        1
   b - Slow                           Hexes                        2
   c - Gell's Gravitas                Hexes/Translocation          3
   d - Inner Flame                    Hexes/Fire                   3
   e - Cause Fear                     Hexes                        4
   f - Leda's Liquefaction            Hexes/Earth                  4
 x - a book of Envenomations

   Spells                             Type                      Level
   a - Spider Form                    Transmutation/Poison         3
   b - Olgreb's Toxic Radiance        Poison                       4
   c - Alistair's Intoxication        Transmutation/Poison         5
   d - Poisonous Cloud                Conjuration/Poison/Air       6
 A - a book of Air

   Spells                             Type                      Level
   a - Shock                          Conjuration/Air              1
   b - Swiftness                      Charms/Air                   2
   c - Repel Missiles                 Charms/Air                   2
   d - Static Discharge               Conjuration/Air              3
   e - Lightning Bolt                 Conjuration/Air              5
Comestibles
 d - 6 bread rations {!e}
 h - 3 meat rations {!e}
 w - 3 fruits
 L - 2 chunks of flesh


Message History

You take 3 damage.
You closely miss johnl023's ghost.
Johnl023's ghost is almost destroyed.
* * * LOW HITPOINT WARNING * * *
You feel sick.
Johnl023's ghost points at you and mumbles some strange words.
The zap misses you.
You take 2 damage.
You hit johnl023's ghost but do no damage.
Johnl023's ghost is almost destroyed.
* * * LOW HITPOINT WARNING * * *
You feel very sick.
Johnl023's ghost hits you but does no damage.
You take 3 damage.
You hit johnl023's ghost but do no damage.
Johnl023's ghost is almost destroyed.
* * * LOW HITPOINT WARNING * * *
You feel sick. Johnl023's ghost hits you.
* * * LOW HITPOINT WARNING * * *
You take 8 damage.
You closely miss johnl023's ghost.
Johnl023's ghost is almost destroyed.
* * * LOW HITPOINT WARNING * * *
You feel sick.
You take 1 damage.
You hit johnl023's ghost.
Johnl023's ghost's magic leaks into the air.
Johnl023's ghost is almost destroyed.
* * * LOW HITPOINT WARNING * * *
You feel sick. Johnl023's ghost casts a spell at you. The zap hits you!
* * * LOW HITPOINT WARNING * * *
You take 5 damage.
Drink which item? (? for menu, Esc to quit)
You feel better. Johnl023's ghost hits you.
* * * LOW HITPOINT WARNING * * *
You hit johnl023's ghost.
Johnl023's ghost's magic leaks into the air.
Johnl023's ghost is almost destroyed.
Johnl023's ghost casts a spell at you. The spray of energy hits you!
* * * LOW HITPOINT WARNING * * *
You are confused.
You take 16 damage.
Drink which item? (? for menu, Esc to quit)
You feel better.
Johnl023's ghost gestures at you while chanting.
The spray of energy hits you!
You die...

#.##### ###.###..##..
###)#########.###.####.
#..>............#.# #.
#.#.#..####.#.....# #. ########
#.#.#..####....#.#####. #......#
#...................... #.####.#
#..##..#....###...#####
#...##.####..##..####.###.#.## #
#.........................#..####
.......#####..#########.#.##..##.
................@W..........(..(.
.......#####..########....#####..
#..)#### #..# #...#######.
#.))###### #..# #...##÷..##.
.........# #..# #...##÷§)##.
...<..[#.# #..########...##...##.
.......#.###...#.........##.###..
.......#.##..............###.##..
.......#.##..#.#.........###.###.
.........[...#.#######....###.##.
.........#.#.#.# #.........÷.#.


You could see johnl023's ghost.

Vanquished Creatures
  The ghost of Salasann the Chopper, an amateur HOFi (D:3)
  Menkaure (D:6)
  Duvessa (D:5)
  2 ice beasts
  2 sky beasts (D:6)
  2 eyes of draining (D:3)
  A centaur (D:6)
  4 ogres
  A big kobold (D:7)
  2 giant frogs (D:6)
  Dowan (D:5)
  A scorpion (D:6)
  A water moccasin skeleton (D:7)
  A killer bee (D:3)
  A wight (D:6)
  A howler monkey (D:6)
  A centaur zombie (D:5)
  A crimson imp (D:7)
  A giant frog zombie (D:5)
  2 jellies (D:5)
  3 orc priests
  A centaur skeleton (D:7)
  5 hounds
  9 orc wizards
  Jessica (D:3)
  Ijyb (D:3)
  Terence (D:3)
  An iguana (D:5)
  2 worker ants
  A killer bee zombie (D:7)
  2 hound skeletons
  6 adders
  3 oozes
  An adder zombie (D:5)
  An adder skeleton (D:6)
  6 worms
  3 dart slugs
  10 giant geckos
  29 orcs
  7 bats
  6 giant cockroaches
  13 goblins
  11 hobgoblins
  14 jackals
  15 kobolds
  6 quokkas
  A sheep (D:5)
  A ball python (D:3)
  A giant gecko skeleton (D:5)
  3 giant newts
  A jackal skeleton (D:7)
  A quokka skeleton (D:7)
  A quokka zombie (D:6)
  3 rats
198 creatures vanquished.

Vanquished Creatures (others)
  4 dancing weapons
  A giant cockroach (D:5)
  A plant (D:4)
6 creatures vanquished.

Grand Total: 204 creatures vanquished

Notes
Turn   | Place    | Note
--------------------------------------------------------------
     0 | D:1      | sorlin the Merfolk Enchanter began the quest for the Orb.
     0 | D:1      | Reached XP level 1. HP: 13/13 MP: 3/3
   278 | D:1      | Reached XP level 2. HP: 7/19 MP: 5/5
   282 | D:1      | Learned a level 2 spell: Ensorcelled Hibernation
   690 | D:1      | Reached skill level 1 in Ice Magic
   869 | D:1      | Reached XP level 3. HP: 21/24 MP: 1/6
  1046 | D:1      | Reached skill level 2 in Ice Magic
  1341 | D:2      | HP: 4/24 [ooze (5)]
  1359 | D:2      | HP: 5/24 [ooze (1)]
  1588 | D:2      | Reached skill level 4 in Hexes
  1628 | D:2      | Learned a level 3 spell: Confuse
  1657 | D:2      | Reached XP level 4. HP: 26/30 MP: 2/7
  1776 | D:2      | Found an oddly glowing altar of Pakellas.
  1869 | D:2      | Reached skill level 2 in Short Blades
  2475 | D:2      | Found a deep blue altar of Sif Muna.
  2507 | D:2      | Found a stormy altar of Qazlal.
  2507 | D:2      | Found a basalt altar of Yredelemnul.
  2563 | D:3      | Noticed Salasann's ghost (amateur HOFi)
  2949 | D:3      | Reached XP level 5. HP: 21/35 MP: 0/8
  3133 | D:3      | Noticed Terence
  3201 | D:3      | Reached skill level 3 in Short Blades
  3451 | D:3      | Killed Terence
  3451 | D:3      | Reached skill level 5 in Hexes
  3920 | D:3      | Found a burning altar of Makhleb.
  3927 | D:3      | Became a worshipper of Makhleb the Destroyer
  3971 | D:3      | Noticed Jessica
  4042 | D:3      | Killed Jessica
  4042 | D:3      | Reached XP level 6. HP: 33/41 MP: 4/10
  4106 | D:3      | Learned a level 3 spell: Tukima's Dance
  4372 | D:3      | Noticed an eye of draining
  4378 | D:3      | Gained mutation: Your movements are slightly less encumbered by armour (ER -2). [potion of beneficial mutation]
  4385 | D:3      | Found a bloodstained altar of Trog.
  4682 | D:3      | Noticed an eye of draining
  4704 | D:3      | Killed an eye of draining
  4704 | D:3      | Reached skill level 4 in Stealth
  4704 | D:3      | Reached skill level 3 in Spellcasting
  4895 | D:3      | Killed an eye of draining
  4895 | D:3      | Reached XP level 7. HP: 46/46 MP: 0/12
  5130 | D:3      | Found a glowing golden altar of the Shining One.
  5238 | D:3      | Noticed Ijyb
  5246 | D:3      | Killed Ijyb
  5246 | D:3      | Reached skill level 4 in Spellcasting
  5378 | D:2      | Reached * piety under Makhleb
  5486 | D:3      | Killed Salasann's ghost
  5486 | D:3      | Reached skill level 5 in Stealth
  5674 | D:3      | Reached skill level 5 in Spellcasting
  5703 | D:4      | Reached skill level 3 in Dodging
  5711 | D:3      | Reached skill level 1 in Fighting
  5941 | D:4      | Noticed Minsecho's ghost (novice DrBe)
  6122 | D:4      | Reached skill level 2 in Fighting
  6122 | D:4      | Reached skill level 1 in Polearms
  6122 | D:4      | Reached XP level 8. HP: 54/56 MP: 10/15
  6213 | D:4      | HP: 16/56 [Minsecho's ghost/bolt of negative energy (18)]
  6229 | D:4      | HP: 2/56 [Minsecho's ghost/bolt of negative energy (19)]
  6284 | D:3      | Reached skill level 2 in Polearms
  6328 | D:5      | Entered Level 5 of the Dungeon
  6541 | D:5      | Reached skill level 3 in Polearms
  6541 | D:5      | Reached skill level 4 in Dodging
  6722 | D:5      | HP: 13/57 [acid (9)]
  7045 | D:5      | Found a shimmering altar of Xom.
  7183 | D:5      | Found a white marble altar of Elyvilon.
  7191 | D:5      | Reached skill level 3 in Fighting
  7225 | D:5      | Reached ** piety under Makhleb
  7273 | D:5      | Noticed Duvessa
  7276 | D:5      | Noticed Dowan
  7489 | D:4      | Reached skill level 4 in Polearms
  7641 | D:5      | HP: 17/58 [Duvessa (10)]
  7649 | D:5      | HP: 16/58 [Duvessa (3)]
  7665 | D:5      | HP: 16/58 [Dowan/dagger (3)]
  7677 | D:5      | HP: 25/87 [Duvessa (1)]
  7682 | D:5      | Killed Duvessa
  7682 | D:5      | Reached skill level 5 in Dodging
  7692 | D:5      | Killed Dowan
  8071 | D:5      | Gained mutation: You are somewhat resistant to further mutation. [potion of beneficial mutation]
  8109 | D:5      | Found a white marble altar of Elyvilon.
  8308 | D:5      | Reached skill level 4 in Fighting
  8331 | D:5      | HP: 18/60 [something (7)]
  8338 | D:5      | HP: 17/60 [something (1)]
  8683 | D:6      | Reached skill level 6 in Dodging
  8893 | D:6      | Reached XP level 9. HP: 66/66 MP: 16/16
  8933 | D:6      | Found a sacrificial altar of Ru.
  8985 | D:6      | Noticed Menkaure
  8987 | D:6      | Killed Menkaure
  8987 | D:6      | Reached skill level 5 in Fighting
  8987 | D:6      | Reached skill level 6 in Hexes
  9094 | D:6      | Reached skill level 7 in Dodging
  9186 | D:6      | Reached skill level 5 in Polearms
  9189 | D:6      | HP: 14/68 [ogre/giant spiked club (33)]
  9886 | D:7      | Reached skill level 6 in Polearms
  9902 | D:7      | Found a shadowy altar of Dithmenos.
  9927 | D:7      | Reached *** piety under Makhleb
  9961 | D:7      | Found a snail-covered altar of Cheibriados.
  9969 | D:7      | Reached skill level 8 in Dodging
  9975 | D:7      | Got a crude long sword
 10067 | D:7      | Reached skill level 6 in Fighting
 10549 | D:7      | Noticed johnl023's ghost (novice VSCj)
 10565 | D:7      | Reached skill level 7 in Polearms
 10589 | D:7      | HP: 19/71 [johnl023's ghost (6)]
 10593 | D:7      | HP: 1/71 [johnl023's ghost/spray of energy (16)]
 10594 | D:7      | Killed from afar by johnl023's ghost

Vault maps used:
D:1:      dpeg_arrival_tiny_j
D:2:      marbit_many_paths, grunt_pakellas_salt,
          gammafunk_temple_overflow_elements, kennysheep_generic_room_5
D:3:      trog_eyes_of_draining, tso_altar, makhleb_blood_cavern_becter,
          uniq_iyjb, uniq_jessica, uniq_terence
D:4:      wad_woods_tower, lemuel_round_altar, lemuel_temple_firewalk_marked,
          kennysheep_cross_bottleneck
D:5:      elyvilon_altar_1, first_bread, kennysheep_diamond, dk_xom_monty_hall,
          uniq_duvessa
D:6:      nicolae_ru_sacrificial_ziggurat, kb_rosetta, uniq_menkaure
D:7:      nicolae_dithmenos_through_a_glass_darkly, old_standard_altar,
          grunt_ogre_cave, minmay_fire_ice_demons

Action                   |  1- 3 |  4- 6 |  7- 9 || total
-------------------------+-------+-------+-------++-------
Melee: Dagger            |   111 |   181 |   388 ||   680
       Spear             |     8 |    18 |   126 ||   152
       Trident           |       |     4 |       ||     4
       Staff             |       |       |    69 ||    69
Throw: Tomahawk          |       |       |     2 ||     2
 Cast: Ensorcelled Hiber |    26 |    54 |    56 ||   136
       Confuse           |       |    10 |    32 ||    42
       Tukima's Dance    |       |       |     6 ||     6
Evoke: Wand              |       |       |     1 ||     1
  Use: Scroll            |       |    10 |     4 ||    14
       Potion            |       |     1 |     8 ||     9
 Stab: Sleeping          |    23 |    41 |    47 ||   111
       Confused          |       |     1 |    10 ||    11
       Distracted        |       |       |     1 ||     1
  Eat: Chunk             |     4 |    14 |    15 ||    33
       Beef jerky        |       |     1 |     6 ||     7
       Bread ration      |       |       |     1 ||     1
       Royal jelly       |       |       |     1 ||     1
